Map: 2000 Atmospheres LE

Players

Krystianer

  • Race: Protoss Protoss
  • League: Grandmaster

PtitDrogo - Winner!

  • Race: Protoss Protoss
  • League: Grandmaster

Event: DreamHack SC2 Masters 2021 Summer

VOD

Have the link to the VOD?

Description

Time

  • Played on: May 30, 2021, 11:09 a.m.
  • Length: 10:03

All games in this series

Show
View Real Time Build Order
Export as new Build Order

Krystianer Protoss 

Build Orders: Oracle Opening 

Get SALT Encoding   

  12  0:00  Probe  
  13  0:12  Probe  
  14  0:18  Pylon  
  14  0:24  Probe (Chrono Boost)  
  15  0:36  Probe (Chrono Boost)  
  15  0:37  Gateway  
  16  0:44  Probe (Chrono Boost)  
  16  0:46  Assimilator  
  17  0:51  Probe  
  18  1:03  Probe (Chrono Boost)  
  19  1:07  Pylon  
  19  1:10  Assimilator  
  19  1:15  Probe (Chrono Boost)  
  20  1:20  Probe (Chrono Boost)  
  20  1:24  Cybernetics Core  
  21  1:29  Probe  
  21  1:32  Zealot  
  24  1:41  Probe  
  25  1:53  Probe  
  26  2:01  Stalker (Chrono Boost)  
  26  2:04  Stargate  
  28  2:14  Warp Gate  
  28  2:26  Stalker (Chrono Boost)  
  30  2:37  Nexus  
  30  2:43  Pylon  
  30  2:48  Probe  
  30  3:00  Oracle (Chrono Boost)  
  30  3:04  Shield Battery  
  33  3:11  Stalker  
  35  3:15  Probe  
  36  3:27  Probe  
  36  3:33  Oracle  
  38  3:39  Probe  
  36  3:50  Probe  
  36  3:51  Probe  
  38  4:02  Probe, Stalker  
  41  4:03  Probe  
  41  4:04  Twilight Council  
  42  4:14  Probe (Chrono Boost)  
  44  4:19  Forge  
  44  4:20  Probe (Chrono Boost)  
  45  4:25  Probe (Chrono Boost), Stalker  
  45  4:30  Probe x2 (Chrono Boost)  
  45  4:36  Pylon  
  45  4:38  Blink  
  46  4:40  Probe x2  
  48  4:49  Protoss Ground Weapons Level 1 (Chrono Boost)  
  48  4:52  Probe x2  
  50  5:03  Stalker  
  50  5:04  Probe  
  50  5:06  Assimilator  
  53  5:11  Gateway  
  53  5:13  Pylon  
  53  5:17  Shield Battery  
  53  5:21  Probe  
  54  5:23  Gateway  
  54  5:25  Pylon  
  54  5:27  Stalker  
  54  5:38  Void Ray  
  56  5:50  Stalker  
  54  5:57  Probe  
  55  6:12  Probe  
  55  6:13  Probe  
  55  6:14  Nexus  
  57  6:24  Stalker x3  
  63  6:32  Dark Shrine  
  63  6:33  Probe x2  
  63  6:35  Pylon  
  65  6:43  Gateway  
  65  6:44  Gateway  
  65  6:45  Probe  
  65  6:46  Probe  
  65  6:47  Pylon  
  67  6:49  Protoss Ground Weapons Level 2  
  67  6:50  Stalker x3  
  73  6:57  Probe  
  73  6:58  Probe  
  73  7:00  Pylon  
  75  7:09  Probe  
  75  7:12  Gateway  
  76  7:16  Probe  
  76  7:17  Pylon  
  77  7:26  Probe, Gateway  
  77  7:27  Pylon  
  78  7:30  Probe x2  
  78  7:32  Shield Battery  
  79  7:38  Probe  
  79  7:42  Photon Cannon  
  80  7:45  Dark Templar x2  
  84  7:54  Dark Templar  
  84  7:58  Probe, Pylon  
  87  8:07  Zealot x3  
  93  8:14  Probe  
  93  8:15  Charge (Chrono Boost)  
  90  8:21  Gateway  
  90  8:25  Dark Templar  
  92  8:30  Zealot x6  
  104  8:34  Pylon  
  102  8:48  Probe  
  103  8:49  Shield Battery  
  103  8:51  Pylon  
  103  8:52  Zealot x6  
  103  8:54  Pylon  
  115  9:12  Stalker x3  
  115  9:13  Zealot x4  
  115  9:16  Probe x2  
  131  9:36  Zealot  
  131  9:37  Zealot x6  
  122  9:43  Probe x2  
  74  9:57  Zealot x7  
Show
View Real Time Build Order
Export as new Build Order

PtitDrogo Protoss - Winner!

Build Orders: Phoenix Opening 

Get SALT Encoding   

  12  0:00  Probe  
  13  0:12  Probe  
  14  0:17  Pylon  
  14  0:24  Probe  
  15  0:35  Gateway  
  15  0:36  Probe (Chrono Boost)  
  16  0:46  Probe (Chrono Boost)  
  16  0:47  Assimilator  
  17  0:51  Probe  
  18  0:58  Assimilator  
  18  1:03  Probe (Chrono Boost)  
  19  1:08  Gateway  
  19  1:13  Probe (Chrono Boost)  
  19  1:18  Probe (Chrono Boost)  
  20  1:24  Cybernetics Core  
  21  1:30  Probe  
  22  1:34  Pylon  
  22  1:42  Probe  
  23  2:00  Stalker  
  23  2:01  Stalker, Warp Gate  
  27  2:03  Probe  
  28  2:12  Pylon  
  28  2:22  Pylon  
  28  2:30  Stalker  
  28  2:31  Stalker  
  31  2:51  Nexus  
  31  2:52  Probe (Chrono Boost)  
  31  2:58  Pylon  
  32  3:02  Probe (Chrono Boost)  
  32  3:05  Sentry  
  35  3:07  Sentry  
  35  3:08  Probe  
  38  3:19  Shield Battery  
  38  3:22  Probe  
  39  3:35  Probe  
  40  3:47  Phoenix  
  40  3:51  Stalker x2  
  40  3:52  Probe (Chrono Boost)  
  46  4:04  Probe (Chrono Boost)  
  46  4:07  Probe (Chrono Boost), Twilight Council  
  47  4:10  Forge  
  47  4:14  Probe (Chrono Boost)  
  47  4:15  Probe (Chrono Boost)  
  49  4:19  Probe (Chrono Boost)  
  51  4:27  Probe (Chrono Boost)  
  52  4:31  Probe (Chrono Boost)  
  52  4:32  Stalker  
  52  4:36  Stalker  
  57  4:39  Probe x2 (Chrono Boost)  
  57  4:41  Blink  
  57  4:45  Protoss Ground Weapons Level 1 (Chrono Boost)  
  57  4:46  Probe  
  57  4:48  Probe  
  59  4:58  Probe  
  60  5:00  Probe, Pylon  
  60  5:05  Pylon  
  61  5:09  Assimilator  
  61  5:10  Probe  
  62  5:17  Probe (Chrono Boost)  
  62  5:18  Stalker x2  
  64  5:22  Probe (Chrono Boost)  
  66  5:32  Probe x2 (Chrono Boost)  
  67  5:37  Probe (Chrono Boost)  
  67  5:39  Probe  
  65  5:44  Nexus  
  65  5:48  Probe  
  66  5:51  Probe  
  63  6:00  Probe  
  63  6:02  Robotics Facility  
  63  6:03  Probe  
  65  6:05  Photon Cannon  
  65  6:06  Shield Battery  
  65  6:12  Probe, Gateway  
  65  6:13  Gateway  
  65  6:15  Probe  
  67  6:20  Stalker x2  
  67  6:25  Probe  
  72  6:29  Probe  
  73  6:37  Probe  
  73  6:38  Pylon  
  74  6:43  Pylon  
  74  6:44  Probe  
  75  6:49  Observer  
  75  6:50  Stalker  
  75  6:52  Charge  
  75  6:53  Protoss Ground Weapons Level 2 (Chrono Boost)  
  78  6:55  Pylon x2  
  78  6:57  Stalker  
  78  6:58  Probe  
  81  7:06  Gateway x2  
  81  7:08  Pylon, Stalker  
  83  7:15  Immortal  
  87  7:20  Probe  
  88  7:22  Stalker x2  
  88  7:25  Stalker  
  88  7:27  Pylon  
  94  7:35  Stalker  
  96  7:37  Probe x2  
  96  7:41  Probe, Gateway  
  96  7:42  Gateway  
  96  7:43  Assimilator  
  99  7:46  Zealot x2  
  103  7:55  Warp Prism (Chrono Boost)  
  105  8:02  Gateway  
  105  8:05  Gateway  
  105  8:06  Pylon  
  105  8:12  Photon Cannon  
  105  8:17  Stalker x5  
  113  8:21  Photon Cannon  
  113  8:25  Templar Archives  
  113  8:35  Observer  
  113  8:36  Zealot x3  
  113  8:41  Nexus  
  120  8:54  Zealot x5  
  130  8:56  Zealot  
  130  8:57  Zealot  
  130  9:02  High Templar  
  136  9:03  High Templar, Zealot  
  136  9:07  Pylon  
  136  9:08  Archon  
  140  9:25  Zealot x4  
  146  9:36  Zealot  
  146  9:37  Zealot x4  
  144  9:47  Zealot x5  
Tags
 
Add a new tag
Caveats
  • Supply blocks, unpowered buildings, or Contaminate may cause inaccurate times.
  • Supply counts are checked every 10 seconds.